 Dungeon Crawl Stone Soup version 0.25.0-9-g26727b657a (webtiles) character file.

Game seed: 10582561002655850696

246 DungeonDestroyer the Shield-Bearer (level 6, 0/53 HPs)
             Began as a Gnoll Fighter on June 19, 2020.
             Slain by an orc
             ... wielding a +2 trident of freezing
              (3 damage)
             ... on level 3 of the Dungeon.
             The game lasted 00:03:26 (2163 turns).

DungeonDestroyer the Shield-Bearer (Gnoll Fighter)  Turns: 2163, Time: 00:03:26

Health: 0/53       AC:  9    Str: 19    XL:     6   Next: 11%
Magic:  8/8        EV:  9    Int: 11    God:
Gold:   112        SH: 12    Dex: 15    Spells: 8/8 levels left

rFire    . . .     SeeInvis .   a - +0 war axe
rCold    . . .     Gourm    .   c - +1 kite shield
rNeg     . . .     Faith    .   b - +0 scale mail
rPois    .         Spirit   .   (no helmet)
rElec    .         Reflect  .   m - +0 cloak
rCorr    .         Harm     .   (no gloves)
MR       .....                  (no boots)
Stlth    +.........             (no amulet)
HPRegen  0.17/turn              (no ring)
MPRegen  0.11/turn              (no ring)

@: no status effects
A: distributed training, fangs 1, strong nose
a: no special abilities


You were on level 3 of the Dungeon.
You were hungry.

You visited 1 branch of the dungeon, and saw 3 of its levels.

You collected 112 gold pieces.

Inventory:

Hand Weapons
 a - a +0 war axe (weapon)
Missiles
 e - 60 stones (quivered)
 h - 15 sling bullets
 j - 3 boomerangs
 k - 22 arrows
Armour
 b - a +0 scale mail (worn)
 c - a +1 kite shield (worn)
 m - a +0 cloak (worn)
Scrolls
 g - a scroll of identify
Potions
 d - 2 potions of might
 i - a potion of curing
Comestibles
 f - 6 rations
 l - a chunk of flesh


   Skills:
 + Level 6.7 Fighting
 + Level 1.7 Short Blades
 + Level 1.7 Long Blades
 + Level 4.9 Axes
 + Level 1.7 Maces & Flails
 + Level 1.7 Polearms
 + Level 1.7 Staves
 + Level 1.7 Slings
 + Level 1.7 Bows
 + Level 1.7 Crossbows
 + Level 1.7 Throwing
 + Level 6.7 Armour
 + Level 1.7 Dodging
 + Level 1.7 Stealth
 + Level 6.7 Shields
 + Level 1.7 Unarmed Combat
 + Level 1.7 Spellcasting
 + Level 1.3 Conjurations
 + Level 1.3 Hexes
 + Level 1.3 Charms
 + Level 1.3 Summonings
 + Level 1.3 Necromancy
 + Level 1.3 Translocations
 + Level 1.3 Transmutations
 + Level 1.3 Fire Magic
 + Level 1.3 Ice Magic
 + Level 1.3 Air Magic
 + Level 1.3 Earth Magic
 + Level 1.3 Poison Magic
 + Level 2.0 Invocations
 + Level 1.7 Evocations


You had 8 spell levels left.
You didn't know any spells.
Your spell library was empty.

Dungeon Overview and Level Annotations

Branches:
Dungeon (3/15)

Altars:


Innate Abilities, Weirdness & Mutations

Your experience applies equally to all skills.
You have very sharp teeth.
Your uncanny sense of smell can sniff out nearby items.


Message History

You block the adder's attack. The adder bites you.
* * * LOW HITPOINT WARNING * * *
The orc completely misses you.
You hit the adder.
You kill the adder!
You block the orc's attack.
Unknown command.
You block the orc's attack.
You barely miss the orc. You block the orc's attack.
You closely miss the orc. The orc hits you but does no damage.
As you read the scroll labeled KIECKU YRENERPH, it crumbles to dust.
It is a scroll of enchant armour.
Your +0 kite shield glows green for a moment.
You block the orc's attack.
You hit the orc.
The orc is heavily wounded.
The orc hits you with a +2 trident of freezing!
* * * LOW HITPOINT WARNING * * *
The orc freezes you.
You die...

#.#..######..##
..##..........# ∆
.####...####.#.##
#####........#..#####
.........######.....#
......).).# #.....#
......))#.### #.....#
......o.#.o.# #.....#
........###@###.....#
........# #..###..###
........# ##.....##
........# #.#####
..<...#.# ### ∆


You could see an orc.

Vanquished Creatures
  A crimson imp (D:2)
  2 orc wizards (D:3)
  An orc priest (D:3)
  3 adders
  An ooze (D:2)
  2 dart slugs
  3 leopard geckos
  7 orcs (D:3)
  3 giant cockroaches
  11 goblins
  7 hobgoblins
  6 jackals (D:2)
  9 bats
  6 frilled lizards
  12 kobolds
  5 rats
79 creatures vanquished.

Notes
Turn   | Place    | Note
-------+----------+-------------------------------------------
     0 | D:1      | DungeonDestroyer the Gnoll Fighter began the quest for the
                  | Orb.
     0 | D:1      | Reached XP level 1. HP: 23/23 MP: 1/1
   104 | D:1      | Reached XP level 2. HP: 29/29 MP: 2/2
   542 | D:1      | Reached XP level 3. HP: 35/35 MP: 3/3
   913 | D:2      | Reached skill level 1 in Invocations
  1162 | D:2      | Reached skill level 1 in Short Blades
  1162 | D:2      | Reached skill level 1 in Long Blades
  1162 | D:2      | Reached skill level 1 in Maces & Flails
  1162 | D:2      | Reached skill level 1 in Polearms
  1162 | D:2      | Reached skill level 1 in Staves
  1162 | D:2      | Reached skill level 1 in Slings
  1162 | D:2      | Reached skill level 1 in Bows
  1162 | D:2      | Reached skill level 1 in Crossbows
  1162 | D:2      | Reached skill level 1 in Throwing
  1162 | D:2      | Reached skill level 1 in Dodging
  1162 | D:2      | Reached skill level 1 in Stealth
  1162 | D:2      | Reached skill level 1 in Unarmed Combat
  1162 | D:2      | Reached skill level 1 in Spellcasting
  1162 | D:2      | Reached skill level 1 in Evocations
  1208 | D:2      | Reached XP level 4. HP: 41/41 MP: 5/5
  1679 | D:2      | Reached skill level 1 in Conjurations
  1679 | D:2      | Reached skill level 1 in Hexes
  1679 | D:2      | Reached skill level 1 in Charms
  1679 | D:2      | Reached skill level 1 in Summonings
  1679 | D:2      | Reached skill level 1 in Necromancy
  1679 | D:2      | Reached skill level 1 in Translocations
  1679 | D:2      | Reached skill level 1 in Transmutations
  1679 | D:2      | Reached skill level 1 in Fire Magic
  1679 | D:2      | Reached skill level 1 in Ice Magic
  1679 | D:2      | Reached skill level 1 in Air Magic
  1679 | D:2      | Reached skill level 1 in Earth Magic
  1679 | D:2      | Reached skill level 1 in Poison Magic
  1679 | D:2      | Reached XP level 5. HP: 47/47 MP: 6/6
  2147 | D:3      | Reached XP level 6. HP: 11/53 MP: 8/8
  2163 | D:3      | Slain by an orc

Illustrated notes

Levels and vault maps discovered:
D:1:      dpeg_arrival_rooms_with_view, layout_loops_ring, serial_bayou_pond_a
D:2:      layout_basic, first_ration
D:3:      layout_rooms, uniq_jessica

Skill      XL: |  1  2  3  4  5 |
---------------+----------------+-----
Invocations    | 1 2 |  2.0
Short Blades   | 1 |  1.7
Long Blades    | 1 |  1.7
Maces & Flails | 1 |  1.7
Polearms       | 1 |  1.7
Staves         | 1 |  1.7
Slings         | 1 |  1.7
Bows           | 1 |  1.7
Crossbows      | 1 |  1.7
Throwing       | 1 |  1.7
Dodging        | 1 |  1.7
Stealth        | 1 |  1.7
Unarmed Combat | 1 |  1.7
Spellcasting   | 1 |  1.7
Evocations     | 1 |  1.7
Conjurations   | 1 |  1.3
Hexes          | 1 |  1.3
Charms         | 1 |  1.3
Summonings     | 1 |  1.3
Necromancy     | 1 |  1.3
Translocations | 1 |  1.3
Transmutations | 1 |  1.3
Fire Magic     | 1 |  1.3
Ice Magic      | 1 |  1.3
Air Magic      | 1 |  1.3
Earth Magic    | 1 |  1.3
Poison Magic   | 1 |  1.3
Fighting       | |  6.7
Axes           | |  4.9
Armour         | |  6.7
Shields        | |  6.7

Action                   |  1- 3 |  4- 6 || total
-------------------------+-------+-------++-------
Melee: War axe           |   123 |   129 ||   252
       Bite              |    14 |    18 ||    32
  Use: Scroll            |     1 |     1 ||     2
       Potion            |       |     2 ||     2
  Eat: Chunk             |     1 |     3 ||     4
Armor: Scale mail        |    40 |    53 ||    93
Dodge: Dodged            |    34 |    39 ||    73
Block: Kite shield       |    68 |    81 ||   149
